 Dungeon Crawl Stone Soup version 0.25.1-9-gc5326a611f (webtiles) character file.

Game seed: 18190898089240732883

320794 AlexTheUnready the Sorcerer (level 21, -1/168 HPs)
             Began as a Naga Venom Mage on Feb 17, 2024.
             Was the Champion of Vehumet.
             Slain by Yzuzaf the Cloud Mage
             ... wielding an uncursed staff of air
              (11 damage)
             ... in a wizard's laboratory.
             The game lasted 02:59:11 (67575 turns).

AlexTheUnready the Sorcerer (Naga Venom Mage)      Turns: 67575, Time: 02:59:12

Health: -1/168     AC: 20    Str: 11    XL:     21   Next: 87%
Magic:  25/56      EV: 14    Int: 34    God:    Vehumet [******]
Gold:   2019       SH: 12    Dex: 18    Spells: 22/63 levels left

rFire    + . .     SeeInvis +   s - staff of air
rCold    + . .     Gourm    .   v - +1 kite shield {reflect}
rNeg     . . .     Faith    +   a - +2 robe {rC+ rF+}
rPois    +         Spirit   .   Q - +3 hat of Pondering {ponderous, MR+ MP+10 Int+5}
rElec    +         Reflect  +   (no cloak)
rCorr    .         Harm     .   i - +2 pair of gloves {Dex+3}
MR       +++..                  I - +0 naga barding
Stlth    +++.......             M - amulet of faith
HPRegen  0.38/turn              H - ring of wizardry
MPRegen  0.35/turn              p - ring "Unaut" {Int+7 Stlth+}

@: flying (expiring), very slow
A: large, see invisible, deformed body, poison resistance, slowness 2, slow
metabolism 1, spit poison 1, constrict 1, AC +7
}: 1/15 runes: serpentine
a: Spit Poison, Renounce Religion


You were in a wizard's laboratory.
You worshipped Vehumet.
Vehumet was exalted by your worship.
You were not hungry.

You visited 7 branches of the dungeon, and saw 36 of its levels.
You also visited: Bailey, Ice Cave, Wizlab and Desolation.

You collected 3921 gold pieces.
You spent 1902 gold pieces at shops.

Inventory:

Hand Weapons
 B - a +0 flail of holy wrath
 E - a +0 trident of protection
Missiles
 Z - 21 curare-tipped darts (quivered)
Armour
 a - a +2 robe of resistance (worn)
 i - a +2 pair of gloves of dexterity (worn)
 v - a +1 kite shield of reflection (worn)
 C - the +7 Kryia's mail coat {PotionHeal*2 rC+}
   (You found it in the Desolation of Salt)

   It protects you from cold.
 I - a +0 naga barding (worn)
 L - a +0 helmet of intelligence
 Q - the +3 hat of Pondering (worn) {ponderous, MR+ MP+10 Int+5}
   (You took it off Gastronok on level 2 of the Lair of Beasts)

   It affects your intelligence (+5).
   It affects your resistance to hostile enchantments.
   It affects your magic capacity (+10).
Magical Staves
 s - an uncursed staff of air (weapon)
Jewellery
 d - the amulet "Ziguiv" {Spirit Str+3 Stlth+, unknown}
   (You found it in the Desolation of Salt)

   [amulet of guardian spirit]

   It causes incoming damage to be split between your health and magic.
   It affects your strength (+3).
   It makes you more stealthy.
 p - the ring "Unaut" (right hand) {Int+7 Stlth+}
   (You found it in the Desolation of Salt)

   [ring of stealth]

   It affects your intelligence (+7).
   It makes you more stealthy.
 F - a cursed amulet of inaccuracy {unknown}
 H - a ring of wizardry (left hand)
 M - an amulet of faith (around neck)
 N - an uncursed ring of protection from fire
 R - the amulet of the Shimmering Pariah {Faith +Blink rF+ rN+ Dex-4, unknown}
   (You found it on level 5 of the Lair of Beasts)

   [amulet of faith]

   It allows you to gain divine favour quickly.
   It affects your dexterity (-4).
   It protects you from fire.
   It protects you from negative energy.
   It lets you blink.
 Y - an uncursed amulet of guardian spirit {unknown}
Wands
 x - a wand of clouds (7)
 y - a wand of digging (16)
Scrolls
 b - 13 scrolls of remove curse
 j - 4 scrolls of silence
 k - 7 scrolls of teleportation
 m - 5 scrolls of magic mapping
 n - 8 scrolls of fog
 q - a scroll of blinking
 r - a scroll of identify
 D - 4 scrolls of fear
 W - 2 scrolls of summoning {unknown}
Potions
 e - 10 potions of heal wounds
 f - 7 potions of lignification
 g - 17 potions of curing
 h - a potion of invisibility
 l - a potion of brilliance
 o - 3 potions of might
 t - a potion of cancellation
 u - a potion of flight
 G - 2 potions of magic
 T - 3 potions of resistance
 U - 6 potions of haste
Comestibles
 c - 49 rations


   Skills:
 + Level 5.9 Fighting
 - Level 9.0 Dodging
 - Level 3.0 Stealth
 - Level 9.0 Shields
 + Level 21.5 Spellcasting
 * Level 14.3 Conjurations
 - Level 1.0 Transmutations
 - Level 3.0 Fire Magic
 * Level 14.1 Ice Magic
 - Level 2.0 Air Magic
 * Level 13.8 Earth Magic
 - Level 9.0 Poison Magic
 - Level 0.5 Evocations


You had 22 spell levels left.
You knew the following spells:

 Your Spells              Type           Power        Failure   Level  Hunger
a - Sting                 Tmut/Pois      ####         1%          1    None
b - Poisonous Vapours     Pois/Air       ######       1%          2    None
c - Ignite Poison         Fire/Tmut/Pois ######..     1%          3    None
d - Mephitic Cloud        Conj/Pois/Air  #######.     1%          3    None
e - Olgreb's Toxic Radia  Pois           #######.     1%          4    None
f - Iron Shot             Conj/Erth      #######...   1%          6    None
g - Orb of Destruction    Conj           #######...   1%          7    None
h - Ozocubu's Refrigerat  Ice            #######...   1%          6    None
i - Shatter               Erth           #######...   28%         9    #####..

Your spell library contained the following spells:

 Spells                   Type           Power        Failure   Level  Hunger
 Chain Lightning          Conj/Air       #######...   19%         8    ###....
 Tornado                  Air            ######....   100%        9    #####..
 Foxfire                  Conj/Fire      ####         0%          1    None
 Freeze                   Ice            ####         0%          1    None
 Magic Dart               Conj           ####         0%          1    None
 Frozen Ramparts          Ice            ######       0%          3    None
 Stone Arrow              Conj/Erth      ######       0%          3    None
 Hailstorm                Conj/Ice       #######.     0%          4    None
 Animate Skeleton         Necr           N/A          1%          1    None
 Apportation              Tloc           #####.       1%          1    None
 Corona                   Hex            #####..      1%          1    None
 Summon Butterflies       Summ           #####...     1%          1    None
 Summon Small Mammal      Summ           ####         1%          1    None
 Blink                    Tloc           N/A          1%          2    None
 Call Imp                 Summ           #####...     1%          2    None
 Corpse Rot               Necr/Air       N/A          1%          2    None
 Ensorcelled Hibernation  Hex/Ice        ######       1%          2    None
 Slow                     Hex            #####...     1%          2    None
 Sticks to Snakes         Tmut           #####...     1%          2    None
 Conjure Flame            Conj/Fire      #######.     1%          3    None
 Dazzling Flash           Conj/Hex       ######       1%          3    None
 Gell's Gravitas          Tloc           #####.....   1%          3    None
 Inner Flame              Hex/Fire       #####...     1%          3    None
 Lesser Beckoning         Tloc           #####.....   1%          3    None
 Ozocubu's Armour         Chrm/Ice       ######..     1%          3    None
 Static Discharge         Conj/Air       #######.     1%          3    None
 Summon Guardian Golem    Hex/Summ       #####...     1%          3    None
 Tukima's Dance           Hex            #####...     1%          3    None
 Fulminant Prism          Conj/Hex       ######....   1%          4    None
 Leda's Liquefaction      Hex/Erth       ######....   1%          4    None
 Petrify                  Tmut/Erth      ######..     1%          4    None
 Sticky Flame             Conj/Fire      #######.     1%          4    None
 Summon Ice Beast         Ice/Summ       ######..     1%          4    None
 Alistair's Intoxication  Tmut/Pois      ######..     1%          5    None
 Borgnjor's Vile Clutch   Necr/Erth      ######....   1%          5    None
 Fireball                 Conj/Fire      #######...   1%          5    None
 Irradiate                Conj/Tmut      ######....   1%          5    None
 Starburst                Conj/Fire      #######...   1%          6    None
 Yara's Violent Unravell  Hex/Tmut       #####.....   2%          5    None
 Statue Form              Tmut/Erth      ######...    2%          6    None
 Cause Fear               Hex            #####.....   3%          4    None
 Silence                  Hex/Air        ######....   6%          5    None
 Eringya's Noxious Bog    Tmut/Pois      ######....   6%          6    None
 Agony                    Necr           #####...     9%          5    None
 Aura of Abjuration       Summ           #####.....   9%          5    None
 Summon Forest            Summ/Tloc      #####.....   9%          5    None
 Summon Mana Viper        Hex/Summ       #####...     9%          5    None
 Hydra Form               Tmut           #####.....   32%         6    None
 Darkness                 Hex            #####.....   43%         6    None
 Death Channel            Necr           #####.....   43%         6    None
 Invisibility             Hex            #####...     43%         6    None
 Shadow Creatures         Summ           N/A          43%         6    None
 Ignition                 Fire           ######....   77%         8    ###....
 Ring of Flames           Chrm/Fire      #####.....   80%         7    None
 Dragon Form              Tmut           #####.....   86%         7    None
 Summon Hydra             Summ           #####.....   93%         7    None
 Discord                  Hex            #####.....   100%        8    ###....


Dungeon Overview and Level Annotations

Branches:
Dungeon (15/15)            Temple (1/1) D:7            Lair (6/6) D:10
  Swamp (4/4) Lair:4        Snake (4/4) Lair:2        Slime (0/5) Lair:5
    Orc (2/2) D:10            Elf (0/3) Orc:2        Vaults (4/5) D:14
  Crypt (0/3) Vaults:3     Depths (0/5) D:15         Bailey (visited)
  IceCv (visited)          WizLab (1/1)             Desolation (visited)

Altars:
Cheibriados
Elyvilon
Fedhas
Hepliaklqana
Kikubaaqudgha
Makhleb
Nemelex Xobeh
Qazlal
Ru
Trog
Uskayaw
Vehumet
Wu Jian
Xom
Yredelemnul
Zin
The Shining One
Jiyva

Shops:
D:7 *   Orc:1 }   Orc:2 [=*([   Snake:1 ((=   Snake:2 !   Vaults:1 (
Vaults:2 !   Vaults:3 *

Annotations:
D:4 3 runed translucent doors, AlexTheUnready's ghost, amateur GnWn
D:8 2 runed translucent doors, AlexTheUnready's ghost, novice NaVM
D:14 1 runed translucent door, Jaytuy's ghost, journeyman FoFi
Lair:3 3 runed translucent doors, exclusion: oklob plant, Nefuv's ghost, journeyman MiBe
Lair:5 1 runed translucent door
Swamp:3 2 transporters, exclusion: downstairs
Swamp:4 Lernaean hydra


Innate Abilities, Weirdness & Mutations

You cannot wear boots.
Your serpentine skin is tough. (AC +7)
You have supernaturally acute eyesight. (SInv)
Armour fits poorly on your strangely shaped body.
Your system is resistant to poisons. (rPois)
You cover ground very slowly.
You have a slow metabolism.
You can spit poison.
You can use your snake-like lower body to constrict enemies.


Message History

Press: ? - help, Shift-Dir - straight line, f/p - Yzuzaf
Aim: Yzuzaf the Cloud Mage, wielding a staff of air and wearing the +3 robe of Clouds {+Thunder rCloud rElec} (raging winds, moderately wounded, surrounded by raging winds)
The iron shot hits Yzuzaf!!!
Yzuzaf is severely wounded.
You are engulfed in raging winds.
Yzuzaf hits you but does no damage.
You are electrocuted.
Casting: Iron Shot (safe; 1% risk of failure)
Confirm with . or Enter, or press ? or * to list all spells.
Aiming: Iron Shot (safe; 1% risk of failure)
Press: ? - help, Shift-Dir - straight line, f/p - Yzuzaf
Aim: Yzuzaf the Cloud Mage, wielding a staff of air and wearing the +3 robe of Clouds {+Thunder rCloud rElec} (raging winds, heavily wounded, surrounded by raging winds)
The iron shot hits Yzuzaf!!!
Yzuzaf is almost dead.
You are engulfed in raging winds.
The winds around Yzuzaf start to calm down.
The orb of destruction hits you!!!!
Ouch! That really hurt!
* * * LOW HITPOINT WARNING * * *
Yzuzaf hits you but does no damage.
You are electrocuted!
You die...

≈≈≈≈#############################
≈≈###............................
###...≈≈≈≈≈≈≈≈≈≈≈≈≈≈≈≈≈≈≈≈≈≈≈≈≈≈.
#...≈≈≈####################≈≈≈≈≈≈
..≈≈≈≈≈################# ###≈≈≈≈
.≈≈≈≈≈≈##§§#§§#§§#§§#§§ ###≈≈
.≈≈≈≈≈≈#§§§§§§§§§§§§§§§ ##≈
≈≈≈≈≈≈≈#§§§§§§§§§§§§§§§§ #≈
≈≈≈≈≈≈≈#.§§§§§§§@§§§§§§§ ##
....÷[.§.§§§§§§@§§§§§§§ #
≈≈≈≈≈[≈#.§§§§§§§§§§§§.§§ ##
≈≈≈≈≈≈≈#§§§§§§§§§§§§§§.. #≈
.≈≈≈≈≈≈#§§§§§§§§§§§§§§§§ ##≈
.≈≈≈≈≈≈##§§#§§#§§#§§#.§ ###≈≈
..≈≈≈≈≈################# ###≈≈≈≈
#...≈≈≈####################≈≈≈≈≈≈
###...≈≈≈≈≈≈≈≈≈≈≈≈≈≈≈≈≈≈≈≈≈≈≈≈≈≈.


You could see Yzuzaf the Cloud Mage (gusty).

Vanquished Creatures
  Boris (Vaults:2)
  Jorgrun (D:14)
  Asterion (Vaults:2)
  A lich (Vaults:2)
  Gastronok (Lair:2)
  2 sphinxes (Vaults:1)
  Kirke (D:14)
  2 thorn hunters
  A tengu reaver (Vaults:2)
  Donald (Vaults:1)
  8 nagarajas
  Roxanne (D:14)
  2 deep elf sorcerers (Vaults:3)
  A fire giant (Vaults:3)
  5 imperial myrmidons (Desolation)
  6 vault wardens
  6 ironheart preservers
  4 very ugly things (Vaults:1)
  2 entropy weavers
  2 stone giants (Vaults:2)
  Nessos (D:14)
  A vampire knight (Vaults:3)
  A deep elf demonologist (Vaults:4)
  A halazid warlock (Desolation)
  A deep elf annihilator (Vaults:3)
  3 spark wasps (WizLab)
  A blizzard demon (IceCv)
  Snorg (Orc:1)
  Josephine (D:10)
  A crystal guardian (Desolation)
  5 yaktaur captains
  3 ettins
  A fire dragon (Vaults:2)
  9 ragged hierophants (Desolation)
  3 ice dragons
  8 vault guards (D:14)
  Fannar (Lair:3)
  6 ogre magi
  16 naga warriors
  6 servants of whispers (Desolation)
  Harold (D:11)
  25 hydras
  2 shambling mangroves
  20 two-headed ogres
  A catoblepas (D:14)
  6 ghost crabs
  2 spriggan air magi (WizLab)
  5 centaur warriors
  7 alligators
  6 peacekeepers
  14 anacondas
  2 death knights
  A dancing weapon (Vaults:2)
  A queen ant (Lair:2)
  12 death yaks
  2 deep troll shamans (Vaults:3)
  A tengu warrior (D:15)
  17 naga sharpshooters
  6 shock serpents
  3 orc high priests
  5 deep elf knights
  Sonja (D:11)
  21 slime creatures
  6 skeletal warriors
  7 salamander mystics
  A fire crab (shapeshifter) (Vaults:1)
  2 fire crabs (Lair:4)
  4 unseen horrors
  2 deep trolls
  2 flayed ghosts
  A death drake (WizLab)
  A storm dragon skeleton (Vaults:2)
  6 swamp dragons
  2 spriggan druids
  7 naga ritualists
  A wizard (Vaults:2)
  4 deep elf archers
  10 ironbrand convokers
  20 orc knights
  8 harpies
  4 necromancers
  11 deep elf magi
  15 ugly things
  8 mana vipers
  23 salamanders
  2 wolf spiders
  A phantasmal warrior (Vaults:2)
  A stone giant zombie (D:15)
  8 orc sorcerers
  4 cyclopes
  2 manticores
  3 elephants (Lair:2)
  11 guardian serpents
  2 frost giant skeletons
  4 centaur zombies
  34 black mambas
  3 apocalypse crabs (WizLab)
  20 naga magi
  A torpor snail (Lair:1)
  2 molten gargoyles (Desolation)
  An ice statue (Snake:4)
  5 vault sentinels
  11 spiny frogs
  5 centaur skeletons
  A redback zombie (D:13)
  Maggie (D:7)
  7 freezing wraiths
  A kobold demonologist (Bailey)
  10 komodo dragons
  A guardian mummy (D:15)
  A rime drake (Lair:3)
  An efreet (D:14)
  25 yaktaurs
  3 golden dragon simulacra (IceCv)
  4 anaconda simulacra (IceCv)
  6 ice devils (IceCv)
  A troll (shapeshifter) (Vaults:3)
  A jumping spider (Vaults:2)
  3 meliai (Lair:5)
  A queen bee (Lair:5)
  3 wind drakes (WizLab)
  A meliai (shapeshifter) (Vaults:3)
  7 trolls
  2 polar bears (Lair:6)
  50 saltlings (Desolation)
  8 tyrant leeches
  16 hornets
  5 blink frogs (Lair:3)
  4 bog bodies
  A spriggan zombie (D:15)
  2 frost giant simulacra (Vaults:2)
  12 dream sheep (Lair:6)
  6 hippogriffs
  A deep troll zombie (D:15)
  A stone giant simulacrum (Vaults:3)
  A redback (Vaults:4)
  12 air elementals (WizLab)
  13 wraiths
  36 yaks
  20 spriggans
  4 wyverns
  3 shadows
  A human (shapeshifter) (Vaults:1)
  A fire bat (shapeshifter) (D:15)
  A dire elephant simulacrum (IceCv)
  3 basilisks
  4 hogs (D:14)
  3 hungry ghosts
  A human simulacrum (Vaults:3)
  A death yak simulacrum (IceCv)
  16 vampire mosquitoes
  A yaktaur simulacrum (Vaults:2)
  Menkaure (D:7)
  68 nagas
  Edmund (D:5)
  3 insubstantial wisps (Swamp:1)
  15 swamp worms
  8 wargs
  3 harpy simulacra (IceCv)
  3 iron troll simulacra (IceCv)
  Duvessa (D:7)
  13 water moccasins
  A soldier ant (shapeshifter) (Vaults:1)
  20 soldier ants (Lair:2)
  A hydra simulacrum (IceCv)
  4 acid dragons
  10 ice beasts
  46 orc warriors
  8 porcupines
  19 swamp drakes
  3 sky beasts
  2 phantoms
  2 necrophages
  7 black bears
  16 boggarts
  10 centaurs
  22 ogres
  21 wolves
  8 crocodiles
  11 bullfrogs
  A water moccasin zombie (D:8)
  A glowing shapeshifter simulacrum (Vaults:2)
  Dowan (D:7)
  A wyvern zombie (D:8)
  2 wyvern skeletons
  3 scorpions
  43 killer bees
  8 wights
  2 howler monkeys
  5 electric eels
  A lava snake (Lair:2)
  2 bullfrog zombies (D:11)
  5 crimson imps
  4 draconian simulacra (IceCv)
  5 hounds
  5 jellies
  40 orc wizards
  29 orc priests
  2 bullfrog skeletons
  4 iguanas
  26 worker ants
  2 polar bear simulacra (IceCv)
  3 troll simulacra (IceCv)
  5 hell rats (Lair:3)
  3 wolf simulacra (IceCv)
  2 hound skeletons
  A worker ant zombie (D:9)
  6 gnolls (Bailey)
  14 adders
  A naga simulacrum (IceCv)
  6 shadow imps
  4 white imps (IceCv)
  7 ufetubi (IceCv)
  An adder zombie (D:7)
  A dart slug (D:3)
  3 worms
  3 leopard geckos
  99 orcs
  11 bats
  15 giant cockroaches
  15 goblins
  20 hobgoblins
  8 jackals
  5 kobolds
  8 quokkas
  2 ball pythons (D:1)
  4 frilled lizards
  A quokka skeleton (D:4)
  A quokka zombie (D:7)
  9 rats
  6 plants (Vaults:1)
  A withered plant (D:15)
1636 creatures vanquished.

Vanquished Creatures (others)
  A blizzard demon (IceCv)
  A human (D:14)
  An ogre (Vaults:3)
  A white imp (IceCv)
  An ufetubus (IceCv)
  13 fungi
  40 plants
  19 toadstools (Lair:3)
77 creatures vanquished.

Grand Total: 1713 creatures vanquished

Notes
Turn   | Place    | Note
-------+----------+-------------------------------------------
     0 | D:1      | AlexTheUnready the Naga Venom Mage began the quest for the
                  | Orb.
     0 | D:1      | Reached XP level 1. HP: 15/15 MP: 3/3
   261 | D:1      | Reached XP level 2. HP: 22/22 MP: 0/5
   341 | D:1      | Learned a level 2 spell: Poisonous Vapours
   485 | D:1      | Found a glowing golden altar of the Shining One.
   596 | D:1      | Reached skill level 5 in Poison Magic
   720 | D:1      | Reached XP level 3. HP: 25/28 MP: 6/6
   725 | D:1      | Learned a level 3 spell: Ignite Poison
  1377 | D:2      | Found a faded altar of an unknown god.
  1869 | D:2      | Reached XP level 4. HP: 35/37 MP: 7/7
  2160 | D:2      | Found a hazy altar of Hepliaklqana.
  2632 | D:3      | Noticed a bullfrog
  2640 | D:3      | Killed a bullfrog
  2640 | D:3      | Reached skill level 1 in Fighting
  2640 | D:3      | Reached XP level 5. HP: 28/44 MP: 3/9
  2655 | D:3      | Reached skill level 3 in Spellcasting
  4079 | D:3      | Noticed a sky beast
  4083 | D:3      | Killed a sky beast
  4083 | D:3      | Reached XP level 6. HP: 51/51 MP: 0/11
  4088 | D:3      | Learned a level 3 spell: Mephitic Cloud
  4443 | D:4      | Reached skill level 4 in Spellcasting
  4859 | D:4      | Found a runed translucent gate.
  4863 | D:4      | Found a runed translucent gate.
  4863 | D:4      | Noticed AlexTheUnready's ghost (amateur GnWn)
  4864 | D:4      | Found a runed translucent gate.
  4919 | D:4      | Reached skill level 1 in Air Magic
  4919 | D:4      | Reached XP level 7. HP: 55/57 MP: 6/13
  4925 | D:4      | Learned a level 4 spell: Olgreb's Toxic Radiance
  5247 | D:5      | Entered Level 5 of the Dungeon
  5785 | D:5      | Reached skill level 5 in Spellcasting
  5953 | D:5      | Reached XP level 8. HP: 56/67 MP: 1/15
  6088 | D:5      | Noticed Edmund
  6093 | D:5      | Killed Edmund
  6261 | D:5      | Identified the +4 chain mail "Raanutuf" {+Inv Dex+4}
  6356 | D:5      | Found a bloodstained altar of Trog.
  6360 | D:5      | Found an ancient bone altar of Kikubaaqudgha.
  6847 | D:6      | Reached skill level 6 in Spellcasting
  7132 | D:6      | Noticed a two-headed ogre
  7144 | D:6      | Killed a two-headed ogre
  7144 | D:6      | Reached skill level 7 in Spellcasting
  7144 | D:6      | Reached skill level 1 in Conjurations
  7144 | D:6      | Reached skill level 1 in Fire Magic
  7144 | D:6      | Reached XP level 9. HP: 36/73 MP: 0/19
  7471 | D:6      | Found a sacrificial altar of Ru.
  7616 | D:7      | Noticed Menkaure
  7617 | D:7      | Found a stormy altar of Qazlal.
  7621 | D:7      | Killed Menkaure
  7849 | D:7      | Found a burning altar of Makhleb.
  7912 | D:7      | Noticed an Executioner
  7948 | D:7      | Noticed Maggie
  7978 | D:7      | Killed Maggie
  7978 | D:7      | Reached skill level 8 in Spellcasting
  8047 | D:7      | Noticed Duvessa
  8055 | D:7      | Noticed Dowan
  8058 | D:7      | Killed Duvessa
  8058 | D:7      | Killed Dowan
  8404 | D:7      | Found Yfu Rosm's Assorted Antiques.
  8407 | D:7      | Bought a papyrus book for 390 gold pieces
  8407 | D:7      | Bought a bubbling silvery potion for 23 gold pieces
  8407 | D:7      | Bought a scroll labeled HYBRUM CESHO for 26 gold pieces
  8564 | D:7      | Found a staircase to the Ecumenical Temple.
  8572 | Temple   | Entered the Ecumenical Temple
  8655 | Temple   | Became a worshipper of Vehumet
  8894 | D:7      | Found a bloodstained altar of Trog.
  9007 | D:7      | Reached XP level 10. HP: 81/81 MP: 14/22
  9069 | D:7      | Reached skill level 5 in Dodging
  9069 | D:7      | Reached skill level 9 in Spellcasting
 10339 | D:8      | Found a large runed translucent door.
 10340 | D:8      | Found a large runed translucent door.
 10342 | D:8      | Noticed AlexTheUnready's ghost (novice NaVM)
 10370 | D:8      | Found a glowing golden altar of the Shining One.
 10838 | D:9      | Reached * piety under Vehumet
 10838 | D:9      | Offered knowledge of Foxfire by Vehumet.
 10942 | D:9      | Reached skill level 10 in Spellcasting
 11196 | D:9      | Found a hide-covered altar of Uskayaw.
 11458 | D:10     | Entered Level 10 of the Dungeon
 11925 | D:10     | Noticed Josephine
 11934 | D:10     | Killed Josephine
 11934 | D:10     | Reached XP level 11. HP: 81/90 MP: 11/25
 11934 | D:10     | Reached skill level 11 in Spellcasting
 12060 | D:10     | Noticed a two-headed ogre
 12066 | D:10     | Killed a two-headed ogre
 12328 | D:10     | Reached ** piety under Vehumet
 12328 | D:10     | Offered knowledge of Sandblast by Vehumet.
 12584 | D:10     | Noticed an ogre mage
 12916 | D:10     | Killed an ogre mage
 12918 | D:10     | Reached skill level 12 in Spellcasting
 13257 | D:10     | Found a staircase to the Lair.
 13291 | D:10     | Noticed a manticore
 13297 | D:10     | Killed a manticore
 13425 | D:10     | Found a staircase to the Orcish Mines.
 13548 | Orc:1    | Entered Level 1 of the Orcish Mines
 13652 | Orc:1    | Offered knowledge of Static Discharge by Vehumet.
 13756 | Orc:1    | Noticed Snorg
 13765 | Orc:1    | Killed Snorg
 13914 | Orc:1    | Reached XP level 12. HP: 100/100 MP: 25/28
 13931 | Orc:1    | Found Ulegerru's Gadget Shoppe.
 14061 | Orc:1    | Reached *** piety under Vehumet
 14299 | Orc:2    | Entered Level 2 of the Orcish Mines
 14361 | Orc:2    | Noticed an orc high priest
 14495 | Orc:2    | Reached skill level 13 in Spellcasting
 14495 | Orc:2    | Killed an orc high priest
 14598 | Orc:2    | Offered knowledge of Inner Flame by Vehumet.
 15090 | Orc:2    | Reached skill level 14 in Spellcasting
 15232 | Orc:2    | Found Zinky's Antique Armour Shop.
 15315 | Orc:2    | Paralysed by an orc sorcerer for 7 turns
 15455 | Orc:1    | Noticed a two-headed ogre
 15460 | Orc:1    | Killed a two-headed ogre
 15743 | Orc:2    | Found a staircase to the Elven Halls.
 15792 | Orc:2    | Reached **** piety under Vehumet
 15803 | Orc:2    | Offered knowledge of Frozen Ramparts by Vehumet.
 15847 | Orc:2    | Noticed an orc high priest
 15849 | Orc:2    | Noticed a soul eater
 15865 | Orc:2    | Killed an orc high priest
 15896 | Orc:2    | Gained mutation: You can use your snake-like lower body to
                  | constrict enemies. [Naga growth]
 15896 | Orc:2    | Reached XP level 13. HP: 61/108 MP: 18/31
 16229 | Orc:2    | Reached ***** piety under Vehumet
 16229 | Orc:2    | Reached skill level 15 in Spellcasting
 16470 | Orc:2    | Offered knowledge of Iron Shot by Vehumet.
 16493 | Orc:2    | Learned a level 6 spell: Iron Shot
 16555 | Orc:2    | Found Damumn's General Store.
 16558 | Orc:2    | Found Reips's Antique Weapon Boutique.
 16560 | Orc:2    | Found Oloes's Jewellery Shop.
 16563 | Orc:2    | Found Woplozu's Antique Armour Shop.
 16566 | Orc:2    | Bought a scroll of identify for 28 gold pieces
 16566 | Orc:2    | Bought a potion of magic for 112 gold pieces
 16569 | Orc:2    | Bought a pair of smoking gloves for 256 gold pieces
 16569 | Orc:2    | Bought a runed helmet for 202 gold pieces
 16570 | Orc:2    | Bought an uncursed amulet of faith for 560 gold pieces
 16581 | Orc:2    | Identified the +0 pair of gloves "Ingeinlo" {rC+ rCorr}
                  | (You bought it in a shop on level 2 of the Orcish Mines)
 16878 | Lair:1   | Entered Level 1 of the Lair of Beasts
 17219 | Lair:1   | Reached skill level 1 in Earth Magic
 17361 | Lair:1   | Got a masterwork ring mail
 18069 | Lair:2   | Found a staircase to the Snake Pit.
 18091 | Lair:1   | Reached skill level 5 in Conjurations
 18548 | Lair:2   | Reached skill level 5 in Fighting
 18844 | Lair:2   | Offered knowledge of Starburst by Vehumet.
 19382 | Lair:2   | Noticed Gastronok
 19389 | Lair:2   | Killed Gastronok
 19608 | Lair:2   | Reached skill level 16 in Spellcasting
 20204 | Lair:3   | Found a blossoming altar of Fedhas.
 20506 | Lair:3   | Got a transparent steel ring
 20574 | Lair:3   | Noticed Fannar
 20582 | Lair:3   | Killed Fannar
 20686 | Lair:3   | Found a runed translucent gate.
 20741 | Lair:3   | Reached XP level 14. HP: 117/117 MP: 28/34
 20857 | Lair:3   | Found a runed translucent gate.
 20858 | Lair:3   | Found a runed translucent gate.
 20875 | Lair:3   | Identified the cursed ring of Papnemip {*Slow MR+ Str+2
                  | Int-4} (You found it on level 3 of the Lair of Beasts)
 21149 | Lair:3   | Noticed Nefuv's ghost (journeyman MiBe)
 22744 | Lair:4   | Offered knowledge of Orb of Destruction by Vehumet.
 22753 | Lair:4   | Learned a level 7 spell: Orb of Destruction
 22840 | Lair:4   | Found a staircase to the Swamp.
 23169 | Lair:5   | Reached skill level 5 in Earth Magic
 23464 | Lair:5   | Got an ancient pewter amulet
 23510 | Lair:5   | Reached skill level 17 in Spellcasting
 23968 | Lair:5   | Found a runed translucent door.
 23968 | Lair:5   | Found a viscous altar of Jiyva.
 24171 | Lair:5   | Found a staircase to the Slime Pits.
 24281 | Lair:6   | Entered Level 6 of the Lair of Beasts
 24877 | Lair:6   | Reached ****** piety under Vehumet
 25037 | Lair:6   | Offered knowledge of Lightning Bolt by Vehumet.
 25203 | Lair:6   | Reached XP level 15. HP: 94/123 MP: 36/36
 25531 | Lair:6   | Reached skill level 1 in Shields
 26399 | D:11     | Found a flagged portal.
 26428 | Bailey   | Entered a bailey
 26499 | Bailey   | Found an iron altar of Okawaru.
 26503 | Bailey   | Reached skill level 18 in Spellcasting
 26548 | Bailey   | Offered knowledge of Fireball by Vehumet.
 26716 | Bailey   | Acquired a +1 kite shield of reflection
 27707 | D:11     | Noticed Harold
 27711 | D:11     | Killed Harold
 27780 | D:11     | Noticed Sonja
 27784 | D:11     | Killed Sonja
 28372 | D:12     | Offered knowledge of Ozocubu's Refrigeration by Vehumet.
 28380 | D:12     | Learned a level 6 spell: Ozocubu's Refrigeration
 29035 | D:13     | Found a blossoming altar of Fedhas.
 29934 | D:13     | Reached skill level 1 in Ice Magic
 30778 | D:14     | Identified Roxanne's Grimoire of Transmigration
 30778 | D:14     | Noticed Roxanne
 30903 | D:14     | Noticed Nessos
 30911 | D:14     | Killed Nessos
 31579 | D:14     | Found a runed translucent door.
 31582 | D:14     | Noticed Jaytuy's ghost (journeyman FoFi)
 31799 | D:14     | Found a gate to the Vaults.
 31817 | D:14     | Reached XP level 16. HP: 117/132 MP: 19/38
 32298 | D:14     | Noticed Kirke
 32436 | D:14     | Killed Kirke
 32436 | D:14     | Offered knowledge of Spellforged Servitor by Vehumet.
 32784 | D:14     | Killed Roxanne
 32859 | D:15     | Entered Level 15 of the Dungeon
 32864 | D:15     | Noticed Jorgrun
 33021 | D:14     | Killed Jorgrun
 34171 | D:14     | Got a crude dagger
 34172 | D:14     | Identified the +2 dagger of Coure {freeze, rPois rC- SInv
                  | Stlth+} (You found it on level 14 of the Dungeon)
 34210 | D:15     | Reached skill level 10 in Conjurations
 34486 | D:15     | Found a staircase to the Depths.
 35699 | Swamp:1  | Entered Level 1 of the Swamp
 35804 | Swamp:1  | Noticed a thorn hunter
 35810 | Swamp:1  | Killed a thorn hunter
 36114 | Swamp:1  | Offered knowledge of Shatter by Vehumet.
 36114 | Swamp:1  | Offered knowledge of Chain Lightning by Vehumet.
 36114 | Swamp:1  | Offered knowledge of Tornado by Vehumet.
 37146 | Swamp:2  | Reached skill level 5 in Ice Magic
 37930 | Swamp:2  | Reached XP level 17. HP: 138/138 MP: 33/39
 38586 | Swamp:2  | Learned a level 9 spell: Shatter
 38744 | Swamp:3  | Reached skill level 19 in Spellcasting
 39341 | Swamp:3  | Reached skill level 5 in Shields
 40090 | Swamp:3  | Found a transporter.
 40263 | Swamp:3  | Found a transporter.
 40573 | Snake:1  | Entered Level 1 of the Snake Pit
 41529 | Snake:1  | Found Riduwuw's Antique Weapon Shop.
 41533 | Snake:1  | Found Taysat's Antique Weapon Boutique.
 41534 | Snake:1  | Found Zito's Jewellery Shop.
 41536 | Snake:1  | Reached skill level 10 in Earth Magic
 43072 | Snake:2  | Found Kybahizic's Distillery.
 43126 | Snake:2  | Bought a potion of haste for 150 gold pieces
 43126 | Snake:2  | Bought a potion of berserk rage for 75 gold pieces
 43797 | Snake:2  | Got an ichor-stained ring mail
 44289 | Snake:2  | Reached XP level 18. HP: 133/147 MP: 22/41
 46296 | Snake:4  | Entered Level 4 of the Snake Pit
 46500 | Snake:4  | Found a frozen archway.
 46511 | IceCv    | Entered an ice cave
 48336 | IceCv    | Found the +0 pair of fencer's gloves {Riposte Dex+3}
 49275 | Snake:4  | Reached skill level 10 in Ice Magic
 50438 | Snake:4  | Reached XP level 19. HP: 113/153 MP: 42/42
 50944 | Snake:4  | Reached skill level 20 in Spellcasting
 51149 | Snake:4  | Got a serpentine rune of Zot
 51472 | Swamp:4  | Entered Level 4 of the Swamp
 52723 | Swamp:4  | Noticed the 27-headed Lernaean hydra
 53408 | Vaults:1 | Entered Level 1 of the Vaults
 54996 | Vaults:1 | Noticed Donald
 55004 | Vaults:1 | Killed Donald
 55505 | Vaults:1 | Found Zehuokag's Antique Weapon Boutique.
 56507 | Vaults:2 | Found Neitoasa's Distillery.
 56595 | Vaults:2 | Bought a potion of flight for 42 gold pieces
 56610 | Vaults:2 | Noticed Asterion
 56618 | Vaults:2 | Killed Asterion
 56618 | Vaults:2 | Reached XP level 20. HP: 118/162 MP: 14/44
 56633 | Vaults:2 | Found a ruined gateway.
 56998 | Desolati | Entered the Desolation of Salt
 58832 | Desolati | Got a steaming tin amulet
 58835 | Desolati | Got a brightly glowing marble ring
 58836 | Desolati | Identified the Compendium of Transformation and Dark
                  | Secrets
 58838 | Desolati | Identified the Disquisition on Torrid Arcane Weapons
 58842 | Desolati | Got a smoking wooden ring
 59816 | Desolati | Identified the Papyrus of Envenoming and Clay
 59888 | Desolati | Identified Sif Muna's Catalogue of Creative Orientation
 59892 | Desolati | Found the +7 Kryia's mail coat {PotionHeal*2 rC+}
 60068 | Desolati | Got a twitching pewter ring
 60128 | Desolati | Got a fine leather armour
 60299 | Desolati | Identified the ring of Xuacief {Ice MR+} (You found it in
                  | the Desolation of Salt)
 60301 | Desolati | Identified the ring "Unaut" {Int+7 Stlth+} (You found it in
                  | the Desolation of Salt)
 60303 | Desolati | Identified the ring "Tuakerro" {MP+9 Dex+4} (You found it
                  | in the Desolation of Salt)
 61789 | Vaults:2 | Noticed Boris
 61793 | Vaults:2 | Killed Boris
 62866 | Vaults:2 | Reached skill level 21 in Spellcasting
 62901 | Vaults:2 | Reached XP level 21. HP: 168/168 MP: 46/46
 64497 | Vaults:3 | Found a staircase to the Crypt.
 65713 | Vaults:3 | Found Ruidekk's General Store.
 65721 | Vaults:3 | Bought a scroll of identify for 38 gold pieces
 66629 | Vaults:4 | Found a magical portal.
 66639 | WizLab   | Entered The Chambers of the Cloud Mage
 67575 | WizLab   | Slain by Yzuzaf the Cloud Mage

Illustrated notes

Levels and vault maps discovered:
D:1:      roderic_chinese_lattice_arrival, layout_rooms, tso_altar
D:2:      minmay_inner_zag, layout_loops_ring, overflow_temple_1_default,
          chequers_ecumenical_altar_grove
D:3:      layout_basic, kennysheep_doodads
D:4:      layout_rooms, gammafunk_ghost_split
D:5:      layout_rooms, grunt_temple_overflow_open, first_ration,
          chequers_serial_rivers_room_b, hangedman_decor_slide_cut, uniq_edmund
D:6:      layout_rooms, nicolae_ru_the_path_less_chosen
D:7:      layout_loops_corners, lemuel_round_altar, makhleb_altar_promises_db,
          minmay_temple_entry_junction, serial_shops,
          nicolae_shop_competitors_out_of_business, the_bakery,
          trog_ov_bears_minmay, uniq_maggie, uniq_duvessa, uniq_menkaure
D:8:      wander_river, layout_loops_ring, nicolae_overflow_hidden_temple,
          ebering_ghost_disaster_area
D:9:      layout_big_octagon, kennysheep_mini
D:10:     layout_basic, david_lair_shrubbed, minmay_orc_entry_guard_dogs,
          minmay_shattered_shrine, uniq_josephine
D:11:     layout_loops_ring, enter_bailey_2, uniq_harold, uniq_sonja
D:12:     layout_irregular_city
D:13:     layout_irregular_city, basic_altar
D:14:     layout_roguey, erik_vaults_2, ebering_ghost_inner_flame, uniq_nessos,
          uniq_kirke, uniq_roxanne
D:15:     gammafunk_depths_entry_grave, layout_rooms, nicolae_two_hexagons,
          chequers_serial_rivers_room_a, uniq_jorgrun
Temple:   eino_temple_water
Lair:1:   layout_cave_pods
Lair:2:   layout_gridlike, guppyfry_snake_entry_island,
          chequers_serial_rivers_room_b, minivault_29, grunt_megastairs_3,
          serial_bayou_shore_b, uniq_gastronok
Lair:3:   layout_roguey, gammafunk_ghost_icy, tgw_fedhas, grunt_megastairs_4,
          serial_bayou_shore_a, uniq_fannar
Lair:4:   layout_loops_ring, nicolae_swamp_entry_splash_gauntlet,
          cheibrodos_lair_caveside_slide, lemuel_fruit_tree, grunt_megastairs_2,
          infiniplex_staircase_pool_2
Lair:5:   layout_roguey [special_room_bee], slime_altar_2
Lair:6:   minmay_lair_end_enchanted_forest, layout_long_grid
Swamp:1:  layout_falls_marsh, nicolae_swamp_little_tower, swamp_pool5
Swamp:2:  cheibrodos_swamp_heart_of_darkness, layout_basic_swamp,
          serial_swamp_ruin, evilmike_swamp_ruin_rubble_1,
          evilmike_swamp_ruin_house_4, evilmike_swamp_ruin_house_6, swamp_pool2
Swamp:3:  gammafunk_the_bubble [the_bubble_gammafunk_crates],
          layout_basic_swamp, evilmike_swamp_ruin_wall
Swamp:4:  swamp_old_school, layout_basic_swamp, swamp_pool5
Snake:1:  layout_gridlike, minmay_shop_star
Snake:2:  layout_misc_corridors, serial_shops, nicolae_shop_behind_doors
Snake:3:  layout_basic
Snake:4:  johnstein_snake_rune_scales, layout_cave_town,
          portal_ice_cave_entry_ice_statue_one
Orc:1:    nicolae_orc_accident_3, layout_caves, serial_shops, shop, uniq_snorg
Orc:2:    st_orc_mages, layout_diamond_mine, guppyfry_orc_lava_fort
Vaults:1: nicolae_vaults_three_branches, hangedman_vaults_maws, v_misc_16,
          vaults_room_grunt_arrival_ludios, grunt_vaults_bifocal, v_misc_23,
          nicolae_vaults_sealed_display, nicolae_vaults_display_case,
          nicolae_vaults_border_crossing, vaults_room_ringed_pool,
          layout_vaults_omnicross, serial_shops,
          nicolae_shop_overgrown_old_shop, uniq_donald
Vaults:2: vaults_dpeg_diagonal, vaults_mumra_lcd, v_misc_16,
          nicolae_vaults_little_ls, vaults_room_hallway,
          nicolae_vaults_angled_halls, nicolae_vaults_network_square,
          hangedman_vaults_impose, hangedman_vaults_river_flow,
          ontoclasm_vaults_misaligned, nicolae_vaults_little_squares_2,
          hangedman_vaults_cutoff, nicolae_vaults_yaktaur_gun_rack,
          st_more_cells, v_misc_9, layout_vaults_maze_snakey, serial_shops,
          nicolae_shop_stone, portal_desolation_entry_twin_temple, uniq_boris,
          uniq_asterion
Vaults:3: grunt_vaults_hallway_long, minmay_crypt_entry_simple_corners,
          hangedman_vaults_variations, hangedman_vaults_restitches,
          vaults_standard_mumra_x, vaults_room_mumra_shop_pool, v_alt_pattern_5,
          ontoclasm_vaults_decontamination, layout_vaults_quadrants
Vaults:4: dpeg_vaults_monster_box, grunt_vaults_hallway_short,
          hangedman_vaults_stretched_pinwheel, ontoclasm_vaults_ring_small,
          v_misc_11, v_misc_15, nicolae_vaults_ring_of_whatevers,
          hangedman_vaults_cutoff, grunt_vaults_hallway_short,
          ontoclasm_vaults_loading_screen, v_pattern_2, layout_vaults_ring,
          mu_enter_wizlab_5
WizLab:   wizlab_cloud

Skill      XL: |  1  2  3  4  5  6  7  8  9 10 11 12 13 14 15 16 17 18 19 20 21 |
---------------+----------------------------------------------------------------+-----
Poison Magic   | 5 6 7 9 |  9.0
Fighting       | 1 2 3 4 5 |  5.9
Dodging        | 2 3 4 6 7 8 9 |  9.0
Spellcasting   | 3 4 5 7 8 10 12 14 16 17 18 19 20 21 | 21.5
Air Magic      | 1 2 |  2.0
Conjurations   | 1 2 4 6 7 9 10 11 12 13 14 | 14.3
Fire Magic     | 1 3 |  3.0
Earth Magic    | 4 6 7 9 10 11 12 13 | 13.8
Shields        | 3 4 5 6 7 8 9 |  9.0
Ice Magic      | 2 5 8 11 12 13 14 | 14.1
Stealth        | |  3.0
Transmutations | |  1.0
Evocations     | |  0.5

Action                   |  1- 3 |  4- 6 |  7- 9 | 10-12 | 13-15 | 16-18 | 19-21 || total
-------------------------+-------+-------+-------+-------+-------+-------+-------++-------
Melee: Unarmed           |     1 |       |       |       |       |       |       ||     1
       Whip              |    44 |    92 |    70 |       |       |       |       ||   206
       Flail             |       |       |    65 |    20 |       |       |       ||    85
       Trident           |       |       |       |   177 |   224 |   107 |    66 ||   574
       Constrict         |       |       |       |       |    55 |    18 |    15 ||    88
       Staff             |       |       |       |       |       |       |     1 ||     1
Throw: Dart              |       |       |       |       |     6 |    13 |       ||    19
 Cast: Sting             |    42 |    52 |    66 |    12 |    13 |    21 |     2 ||   208
       Poisonous Vapours |       |    14 |    19 |   103 |   241 |   119 |   127 ||   623
       Ignite Poison     |       |     4 |    26 |   101 |   208 |    64 |   101 ||   504
       Mephitic Cloud    |       |     1 |    13 |    35 |    28 |    15 |     6 ||    98
       Olgreb's Toxic Ra |       |       |    12 |    46 |   109 |    11 |    69 ||   247
       Iron Shot         |       |       |       |       |    99 |   311 |   350 ||   760
       Ozocubu's Refrige |       |       |       |       |       |   220 |   119 ||   339
       Orb of Destructio |       |       |       |       |       |     4 |    22 ||    26
 Abil: Spit Poison       |     5 |     2 |     2 |       |     1 |       |       ||    10
Evoke: Wand              |       |       |     2 |       |       |     3 |       ||     5
  Use: Scroll            |     1 |     1 |     7 |    10 |    10 |     9 |     7 ||    45
       Potion            |       |       |       |     1 |       |     1 |     3 ||     5
 Stab: Sleeping          |     3 |     5 |     1 |       |     1 |     2 |     1 ||    13
       Paralysed         |       |       |     3 |       |       |       |       ||     3
  Eat: Chunk             |     3 |     9 |    10 |    15 |    32 |    20 |    22 ||   111
       Ration            |       |       |     1 |     1 |     6 |    14 |     7 ||    29
Armor: Robe              |    22 |    36 |    53 |    87 |   157 |   154 |   117 ||   626
Dodge: Dodged            |    47 |    77 |   108 |   203 |   276 |   248 |   163 ||  1122
Block: Other             |    13 |    31 |    52 |    78 |     4 |       |       ||   178
       Reflection        |     2 |       |     7 |     1 |       |     6 |    37 ||    53
       Buckler           |       |       |       |       |    67 |   162 |       ||   229
       Kite shield       |       |       |       |       |       |    17 |   169 ||   186
